 Dungeon Crawl Stone Soup version 0.31-a0-221-gbddc013574 (webtiles) character file.

Game seed: 17261991151665098306

1177 RepHenryClay the Magician (level 8, -16/50 HPs)
             Began as a Djinni Fire Elementalist on July 4, 2023.
             Killed from afar by a white imp (19 damage)
             ... with a puff of frost
             ... on level 5 of the Dungeon.
             The game lasted 00:10:00 (4567 turns).

RepHenryClay the Magician (DjFE)                    Turns: 4567, Time: 00:10:00

Health: -16/50     AC:  2    Str:  7    XL:     8   Next: 69%
Gold:   171        EV: 17    Int: 19    God:
                   SH:  0    Dex: 14

rFire   + + .        a - +2 whip (venom)
rCold   x . .        (no shield)
rNeg    . . .        j - +0 robe
rPois   ∞            (no helmet)
rElec   .            (no cloak)
rCorr   .            (no gloves)
SInv    .            (boots unavailable)
Will    .....        (no amulet)
Stlth   ++           e - +5 ring of evasion
HPRegen 0.28/turn    (no ring)
MPRegen 0.00/turn

%: infuse magic (-17 HP)
@: flying
A: sickness immunity, fire resistance 2, cold vulnerability 1, float, innate
caster, HP casting, extra vitality 1
a: no special abilities


You were on level 5 of the Dungeon.
You visited 1 branch of the dungeon, and saw 5 of its levels.

You collected 171 gold pieces.

Inventory:

Hand Weapons
 a - a +2 whip of venom (weapon)
 m - the +10 war axe of Gallantry {drain, rPois rN+ Str+3 Int-5}
   (You found it on level 3 of the Dungeon)

   Str:       It affects your strength (+3).
   Int:       It affects your intelligence (-5).
   rPois:     It protects you from poison.
   rN:        It protects you from negative energy.
 n - a +2 dagger of protection
Armour
 j - a +0 robe (worn)
 s - a +3 leather armour of cold resistance
Jewellery
 e - a +5 ring of evasion (left hand)
Wands
 u - a wand of flame (28)
Scrolls
 b - 6 scrolls of teleportation
 c - 2 scrolls of fog {unknown}
 f - a scroll of vulnerability {unknown}
 g - a scroll of immolation {unknown}
 i - 7 scrolls of identify {unknown}
 k - 2 scrolls of fear {unknown}
 p - a scroll of enchant weapon {unknown}
 t - 2 scrolls of poison {unknown}
Potions
 d - a potion of magic {unknown}
 h - 3 potions of lignification {unknown}
 l - a potion of mutation {unknown}
 o - a potion of curing
 q - a potion of ambrosia {unknown}
 r - a potion of invisibility
 v - a potion of enlightenment {unknown}
 w - 2 potions of attraction {unknown}


   Skills:
 - Level 2.1 Dodging
 - Level 1.5 Stealth
 + Level 7.9 Spellcasting
 + Level 7.9 Conjurations
 + Level 7.9 Hexes
   Level 0.0 Charms
 + Level 7.9 Summonings
 + Level 7.9 Necromancy
 + Level 7.9 Translocations
 + Level 7.9 Transmutations
 + Level 7.9 Fire Magic
 + Level 7.9 Ice Magic
 + Level 7.9 Air Magic
 + Level 7.9 Earth Magic
 + Level 7.9 Poison Magic


You knew the following spells:

 Your Spells              Type           Power      Damage    Failure   Level
a - Foxfire               Conj/Fire      100%       2x1d9     1%          1
b - Scorch                Fire           74%        2d8       1%          2
c - Volatile Blastmotes   Fire/Tloc      74%        2d16      1%          3
d - Inner Flame           Hex/Fire       37%        N/A       1%          3
e - Flame Wave            Conj/Fire      37%        2d10      3%          4
f - Apportation           Tloc           74%        N/A       1%          1
g - Static Discharge      Conj/Air       74%        2-6/arc   1%          2
h - Confusing Touch       Hex            37%        N/A       1%          3
Your spell library was empty.

Dungeon Overview and Level Annotations

Branches:
Dungeon (5/15)
 Temple: D:4-7

Altars:
Hepliaklqana
Nemelex Xobeh
Qazlal
Ru
The Shining One

Annotations:
D:3 1 runed translucent door, Crazy Yiuf


Innate Abilities, Weirdness & Mutations

You are immune to sickness and miasma.
You are immune to poison.
Your flesh is very heat resistant. (rF++)
You are vulnerable to cold. (rC-)
You float through the air rather than walking.
You learn spells naturally, not from books.
Your magical power is your life essence.
You have superior vitality. (+4 MHP)


Message History

The gnoll sergeant hits you from afar with a +1 trident of freezing.
The gnoll sergeant freezes you.
Huge Dmg: -22%(-11hp) hp: 78%(39hp)
Casting: Scorch (safe; 1% risk of failure)
Confirm with . or Enter, or press ? or * to list all spells.
Casting: Flame Wave (dangerous; 3% risk of failure)
Press: ? - help, Dir - look around, f - activate A wave of flame ripples out!
The flame wave engulfs the gnoll!!
You kill the gnoll!
The flame wave engulfs the gnoll!
The gnoll is burned terribly!
You kill the gnoll! (Press . to intensify the flame waves.)
You hear a shout! x2
The gnoll sergeant hits you from afar with a +1 trident of freezing!
The gnoll sergeant freezes you.
Huge Dmg: -30%(-15hp) hp: 48%(24hp)
A wave of flame ripples out!
The flame wave engulfs the gnoll!!
You kill the gnoll!
The flame wave engulfs the gnoll sergeant.
The gnoll sergeant is lightly wounded.
The gnoll sergeant closely misses you.
Unknown command.
A wave of flame ripples out!
The flame wave engulfs the gnoll sergeant but does no damage.
The gnoll sergeant is lightly wounded.
You finish channelling waves of flame.
The gnoll sergeant hits you from afar with a +1 trident of freezing!
* * * LOW HITPOINT WARNING * * *
The gnoll sergeant freezes you.
* * * LOW HITPOINT WARNING * * *
Huge Dmg: -22%(-11hp) hp: 26%(13hp)
An ufetubus comes into view.
A white imp comes into view.
There is a stone staircase leading up here.
The gnoll sergeant hits you from afar with a +1 trident of freezing!
* * * LOW HITPOINT WARNING * * *
The gnoll sergeant freezes you.
* * * LOW HITPOINT WARNING * * *
The white imp gestures at you. The puff of frost hits you!!
You feel a terrible chill!
You die...

##### ### ######
##...##...# .....#
##.......... ..>..#
#...........
.....#########.).........
#.##.........#.)).......
#.###........##..g.......
#.# #..............##....
#.# #............@.......
#.###........#####.######
....#........# .#
.............# 5.
....#......... #.#
............... ..
#.###...#######. ..5
#.#####...# ...
......###.#


You could see a gnoll sergeant, a white imp and an ufetubus.

Vanquished Creatures
  Sigmund (D:3)
  Eustachio (D:3)
  Edmund (D:4)
  3 ogres
  3 orc priests
  A hound (D:5)
  Ijyb (D:4)
  2 iguanas
  Natasha (twice) (D:2)
  3 orc wizards
  Robin (D:3)
  7 gnolls
  2 adders
  A shadow imp (D:4)
  A worm (D:3)
  12 orcs
  3 bats
  7 endoplasms
  3 giant cockroaches
  16 goblins
  8 hobgoblins
  4 jackals (D:4)
  7 quokkas
  5 ball pythons
  5 frilled lizards
  7 kobolds
  10 rats
117 creatures vanquished.

Vanquished Creatures (collateral kills)
  6 foxfires
6 creatures vanquished.

Vanquished Creatures (others)
  415 foxfires
415 creatures vanquished.

Grand Total: 538 creatures vanquished

Notes
Turn   | Place    | Note
-------+----------+-------------------------------------------
     0 | D:1      | RepHenryClay the Djinni Fire Elementalist began the quest
                  | for the Orb.
     0 | D:1      | RepHenryClay set off with the following spells memorised:
                  | Foxfire, Scorch, Volatile Blastmotes, Inner Flame, Flame
                  | Wave.
     0 | D:1      | Reached XP level 1. HP: 15/15 MP: 0/0
   159 | D:1      | Reached XP level 2. HP: 16/21 MP: 0/0
   348 | D:1      | Reached XP level 3. HP: 21/25 MP: 0/0
   348 | D:1      | Learned a level 1 spell: Apportation
   436 | D:1      | Found a faded altar of an unknown god.
   997 | D:2      | Found a hazy altar of Hepliaklqana.
  1154 | D:2      | Reached XP level 4. HP: 23/31 MP: 0/0
  1565 | D:2      | Noticed Natasha
  1767 | D:2      | Killed Natasha
  1931 | D:3      | Identified the +10 war axe of Gallantry {drain, rPois rN+
                  | Str+3 Int-5}
  1995 | D:3      | Noticed Robin
  2003 | D:3      | Reached XP level 5. HP: 23/35 MP: 0/0
  2003 | D:3      | Learned a level 2 spell: Static Discharge
  2011 | D:3      | Killed Robin
  2227 | D:2      | Noticed Natasha
  2243 | D:2      | Killed Natasha
  2244 | D:2      | Reached skill level 5 in Spellcasting
  2244 | D:2      | Reached skill level 5 in Conjurations
  2244 | D:2      | Reached skill level 5 in Hexes
  2244 | D:2      | Reached skill level 5 in Summonings
  2244 | D:2      | Reached skill level 5 in Necromancy
  2244 | D:2      | Reached skill level 5 in Translocations
  2244 | D:2      | Reached skill level 5 in Transmutations
  2244 | D:2      | Reached skill level 5 in Fire Magic
  2244 | D:2      | Reached skill level 5 in Ice Magic
  2244 | D:2      | Reached skill level 5 in Air Magic
  2244 | D:2      | Reached skill level 5 in Earth Magic
  2244 | D:2      | Reached skill level 5 in Poison Magic
  2244 | D:2      | Reached XP level 6. HP: 31/40 MP: 0/0
  2290 | D:3      | Noticed Sigmund
  2503 | D:3      | Found a sparkling altar of Nemelex Xobeh.
  2693 | D:3      | Killed Sigmund
  2694 | D:3      | Reached XP level 7. HP: 22/45 MP: 0/0
  2694 | D:3      | Learned a level 3 spell: Confusing Touch
  2843 | D:3      | Found a runed translucent door.
  2844 | D:3      | Noticed Crazy Yiuf
  3094 | D:4      | Noticed Eustachio
  3172 | D:3      | Killed Eustachio
  3313 | D:4      | Noticed Edmund
  3320 | D:4      | Killed Edmund
  3447 | D:4      | Reached XP level 8. HP: 36/50 MP: 0/0
  3543 | D:4      | Noticed Ijyb
  3560 | D:4      | Killed Ijyb
  3772 | D:4      | Found a sacrificial altar of Ru.
  3962 | D:4      | Found a stormy altar of Qazlal.
  3965 | D:4      | Noticed a water elemental
  3965 | D:4      | Noticed a fire elemental
  3965 | D:4      | Noticed an air elemental
  4158 | D:4      | Found a glowing golden altar of the Shining One.
  4397 | D:5      | Entered Level 5 of the Dungeon
  4567 | D:5      | Killed from afar by a white imp

Illustrated notes

Levels and vault maps discovered:
D:1:      minmay_arrival_up_and_down, layout_loops_cross,
          ebering_ecumenical_altar_hall, dreamdust_mushroom_princess
D:2:      kennysheep_six_static_rooms, layout_loops_ring, basic_altar,
          uniq_natasha
D:3:      layout_basic, nemelex_altar_shiori, kiku_gazebo_pond_becter,
          uniq_sigmund, uniq_crazy_yiuf_cottage, uniq_robin
D:4:      layout_gridville, kennysheep_mini_moat,
          nicolae_qazlal_style_of_elements, lemuel_coloured_pillars_altar,
          marbit_many_paths, uniq_edmund, uniq_eustachio, uniq_ijyb
D:5:      layout_rooms

Skill      XL: |  1  2  3  4  5  6  7  8 |
---------------+-------------------------+-----
Spellcasting   | 4 5 6 7 |  7.9
Conjurations   | 4 5 6 7 |  7.9
Hexes          | 4 5 6 7 |  7.9
Summonings     | 4 5 6 7 |  7.9
Necromancy     | 4 5 6 7 |  7.9
Translocations | 4 5 6 7 |  7.9
Transmutations | 4 5 6 7 |  7.9
Fire Magic     | 4 5 6 7 |  7.9
Ice Magic      | 4 5 6 7 |  7.9
Air Magic      | 4 5 6 7 |  7.9
Earth Magic    | 4 5 6 7 |  7.9
Poison Magic   | 4 5 6 7 |  7.9
Dodging        | |  2.1
Stealth        | |  1.5

Action                     |  1- 3 |  4- 6 |  7- 9 || total
---------------------------+-------+-------+-------++-------
  Melee: Unarmed           |     2 |       |       ||     2
         Whip              |       |     3 |    15 ||    18
   Cast: Foxfire           |    78 |    93 |    84 ||   255
         Volatile Blastmot |       |     6 |     2 ||     8
         Flame Wave        |       |     1 |     2 ||     3
         Scorch            |       |       |     8 ||     8
    Use: Scroll            |       |     1 |       ||     1
 Armour: Robe              |     7 |     2 |     2 ||    11
  Dodge: Dodged            |    18 |    24 |    26 ||    68

Table legend: (Time is in decaauts)
 A = Elapsed time spent in this place.
 B = Non-inter-level travel time spent in this place.
 C = Inter-level travel time spent in this place.
 D = Time resting spent in this place.
 E = Time spent auto-exploring this place.
 F = Levels seen in this place.
 G = Mean time per level.
                   A        B        C        D        E       F      G
               +--------+--------+--------+--------+--------+-----+--------+
         Total |   4579 |   4316 |    263 |    428 |   3134 |   5 |  915.8 |
       Dungeon |   4579 |   4316 |    263 |    428 |   3134 |   5 |  915.8 |
               +--------+--------+--------+--------+--------+-----+--------+

Top non-repeatable levels by time:
     D:2: 1185 daAuts
     D:4: 1134 daAuts
     D:3: 1062 daAuts
     D:1: 1027 daAuts
     D:5: 169 daAuts
